 Dungeon Sprint DCSS version 0.24.0-125-gc4c63601f3 (webtiles) character file.

Game seed: 5064305773482626908, levelgen mode: deterministic

1117 Freyura the Martial Artist (level 8, -9/62 HPs)
             Began as a Grey Draconian Transmuter on Feb 22, 2020.
             Was a Priest of Trog.
             Mangled by a troll (11 damage)
             ... in the Dungeon (Sprint IX: "|||||||||||||||||||||||||||||").
             The game lasted 00:03:56 (215 turns).

Freyura the Martial Artist (DrTm)                    Turns: 215, Time: 00:03:56

Health: -9/62      AC:  7    Str: 12    XL:     8   Next: 12%
Magic:  13/13      EV: 17    Int: 14    God:    Trog [***...]
Gold:   0          SH:  0    Dex: 14    Spells: 13/14 levels left

rFire    . . .     SeeInvis .     - Unarmed
rCold    . . .     Gourm    .   (no shield)
rNeg     . . .     Faith    .   (armour unavailable)
rPois    .         Spirit   .   (helmet restricted)
rElec    .         Reflect  .   l - +0 cloak
rCorr    .         Harm     .   k - +0 pair of gloves
MR       .....     NoTele   +   (no boots)
Stlth    ++........             (no amulet)
HPRegen  0.20/turn              m - +2 ring of protection
MPRegen  0.13/turn              (no ring)

@: corroded, berserk cooldown, slowed, very slow
A: walk through water, unfitting armour, unbreathing, cold-blooded, AC +11
a: Berserk, Trog's Hand, Renounce Religion


You were in the Dungeon.
You worshipped Trog.
Trog was most pleased with you.
You were not hungry.

You visited 1 branch

Inventory:

Armour
 k - a +0 pair of gloves (worn)
 l - a +0 cloak (worn)
Jewellery
 m - a +2 ring of protection (left hand)
Wands
 j - a wand of acid (10)
Scrolls
 h - 3 scrolls of remove curse
 i - 2 scrolls of blinking
Potions
 b - a potion of invisibility
 d - 5 potions of curing
 e - a potion of heal wounds
 f - a potion of haste
 g - 4 potions of magic
Comestibles
 a - 4 chunks of flesh
 c - a ration


   Skills:
 + Level 2.9 Fighting
 + Level 8.4 Dodging
 + Level 2.0 Stealth
 + Level 14.1 Unarmed Combat
 - Level 3.6 Spellcasting
 - Level 3.5 Transmutations


You had 13 spell levels left.
You knew the following spells:

 Your Spells              Type           Power        Failure   Level  Hunger
a - Beastly Appendage     Tmut           ##....       4%          1    None

Your spell library contained the following spells:

 Spells                   Type           Power        Failure   Level  Hunger
 Sticks to Snakes         Tmut           ##......     7%          2    ##.....
 Spider Form              Tmut/Pois      #.........   28%         3    ###....
 Ice Form                 Ice/Tmut       #.......     67%         4    ####...
 Blade Hands              Tmut           ##........   78%         5    ######.


Dungeon Overview and Level Annotations

Branches:
Dungeon (1/1)

Altars:
Cheibriados
Dithmenos
Elyvilon
Fedhas
Gozag
Hepliaklqana
Kikubaaqudgha
Makhleb
Nemelex Xobeh
Okawaru
Qazlal
Ru
Sif Muna
Trog
Uskayaw
Vehumet
Wu Jian
Xom
Yredelemnul
Zin
The Shining One
Beogh
Jiyva
Lugonu


Innate Abilities, Weirdness & Mutations

You can walk through water.
Your dull iron-grey scales are very hard. (AC +11)
You cannot fit into any form of body armour.
You can survive without breathing.
You are cold-blooded and may be slowed by cold attacks.


Message History

You are too injured to fight recklessly!
You are too injured to fight recklessly!
You are too injured to fight recklessly!
You closely miss the troll. Your punch misses the troll.
The troll barely misses you. x2; The troll closely misses you.
You hit the troll.
The troll is lightly wounded.
The troll bites you!!
* * * LOW HITPOINT WARNING * * *
The troll claws you.
* * * LOW HITPOINT WARNING * * *
The troll completely misses you.
You feel much better. The troll misses you. The troll closely misses you.
The troll claws you!
* * * LOW HITPOINT WARNING * * *
The troll barely misses you. x2; The troll misses you.
You hit the troll but do no damage. The troll bites you!
* * * LOW HITPOINT WARNING * * *
The troll claws you!
You die... ▓▓▓▓▓▓▓▓▓▓▓▓▓▓▓▓▓▓▓▓▓ )..[.=').....)..@Tc.+ ▓▓▓▓▓▓▓▓▓▓▓▓▓▓▓▓▓▓▓▓▓

You could see a centaur warrior and a troll.

Vanquished Creatures
  A two-headed ogre (D)
  2 orc warriors (D)
  A bullfrog (D)
  A scorpion (D)
  2 howler monkeys (D)
  A hound (D)
  2 jellies (D)
  An adder (D)
  2 bat skeletons (D)
  A quokka (D)
  A bat (D)
  A giant cockroach zombie (D)
  A kobold (D)
  3 rats (D)
20 creatures vanquished.

Notes
Turn   | Place    | Note
-------+----------+-------------------------------------------
     0 | D        | Freyura the Draconian Transmuter began the quest for the
                  | Orb.
     0 | D        | Reached XP level 1. HP: 16/16 MP: 3/3
    29 | D        | Noticed a howler monkey
    29 | D        | Noticed a scorpion
    36 | D        | Killed a howler monkey
    36 | D        | Reached skill level 5 in Unarmed Combat
    36 | D        | Reached XP level 2. HP: 23/23 MP: 4/6
    36 | D        | Reached XP level 3. HP: 28/28 MP: 4/7
    41 | D        | Killed a scorpion
    41 | D        | Reached skill level 6 in Unarmed Combat
    41 | D        | Reached XP level 4. HP: 35/35 MP: 4/9
    55 | D        | Found a roughly hewn altar of Beogh.
    55 | D        | Found a snail-covered altar of Cheibriados.
    55 | D        | Found a shadowy altar of Dithmenos.
    55 | D        | Found a white marble altar of Elyvilon.
    55 | D        | Found a blossoming altar of Fedhas.
    55 | D        | Found an opulent altar of Gozag.
    56 | D        | Found a hazy altar of Hepliaklqana.
    57 | D        | Found a viscous altar of Jiyva.
    58 | D        | Found an ancient bone altar of Kikubaaqudgha.
    59 | D        | Found a corrupted altar of Lugonu.
    60 | D        | Found a burning altar of Makhleb.
    61 | D        | Found a sparkling altar of Nemelex Xobeh.
    62 | D        | Found an iron altar of Okawaru.
    63 | D        | Found a stormy altar of Qazlal.
    64 | D        | Found a sacrificial altar of Ru.
    65 | D        | Found a shimmering blue altar of Sif Muna.
    66 | D        | Found a bloodstained altar of Trog.
    67 | D        | Found a hide-covered altar of Uskayaw.
    68 | D        | Found a radiant altar of Vehumet.
    69 | D        | Found an ornate altar of the Wu Jian Council.
    70 | D        | Found a shimmering altar of Xom.
    71 | D        | Found a basalt altar of Yredelemnul.
    72 | D        | Found a glowing silver altar of Zin.
    73 | D        | Found a glowing golden altar of the Shining One.
    74 | D        | Became a worshipper of Trog the Wrathful
   113 | D        | Noticed an orc warrior
   113 | D        | Noticed a bullfrog
   117 | D        | Reached skill level 7 in Unarmed Combat
   129 | D        | Reached * piety under Trog
   129 | D        | Reached skill level 8 in Unarmed Combat
   129 | D        | Reached XP level 5. HP: 34/40 MP: 10/10
   137 | D        | Killed an orc warrior
   137 | D        | Reached skill level 5 in Dodging
   137 | D        | Reached skill level 10 in Unarmed Combat
   139 | D        | Reached XP level 6. HP: 48/48 MP: 11/11
   142 | D        | Reached ** piety under Trog
   186 | D        | Noticed a two-headed ogre
   186 | D        | Noticed an orc warrior
   186 | D        | Noticed a troll
   186 | D        | Noticed a centaur warrior
   194 | D        | Killed a two-headed ogre
   194 | D        | Reached skill level 1 in Stealth
   194 | D        | Reached skill level 13 in Unarmed Combat
   194 | D        | Your scales start taking on a dull iron-grey colour.
   194 | D        | Reached XP level 7. HP: 56/56 MP: 12/12
   194 | D        | Gained mutation: You can survive without breathing. [Grey
                  | Draconian growth]
   200 | D        | Reached XP level 8. HP: 53/62 MP: 13/13
   210 | D        | Reached *** piety under Trog
   210 | D        | Reached skill level 14 in Unarmed Combat
   215 | D        | HP: 2/62 [troll (14)]
   215 | D        | Mangled by a troll

Levels and vault maps discovered:
D:        linesprint [early_d, line_temple, items_1, d_10, items_2, lair_1,
          lair_end, items_3, orc_1, orc_end, items_4, d_15, swamp_1, shoals_1,
          snake_1, spider_1, d_20, vaults_1, items_5, swamp_end, shoals_end,
          snake_end, spider_end, vaults_end, d_27, items_6, zot_1, zot_end,
          crypt_end, forest_end, elf_end, slime_end, tomb_end, abyss_end,
          pan_hell_end]

Skill      XL: |  1  2  3  4  5  6  7  8 |
---------------+-------------------------+-----
Dodging        | 3 4 6 8 |  8.4
Unarmed Combat | 5 6 8 10 13 14 | 14.1
Spellcasting   | 3 |  3.6
Transmutations | 3 |  3.5
Fighting       | 2 |  2.9
Stealth        | 1 2 |  2.0

Action                   |  1- 3 |  4- 6 |  7- 9 || total
-------------------------+-------+-------+-------++-------
Melee: Unarmed           |    28 |    39 |    16 ||    83
       Tailslap          |     1 |     6 |       ||     7
       Punch             |       |     2 |       ||     2
Invok: Berserk           |       |     2 |       ||     2
  Use: Potion            |     2 |       |     1 ||     3
Armor: Skin              |     6 |    10 |     2 ||    18
Dodge: Dodged            |    14 |    23 |    19 ||    56
